AoeStats
← mricardo96

Arabian Desert

508897626Analyzed
1v1 RM · 9d ago on Sep 24, 2026· 47m 53s· 2 players
Game mode
Random Map
Map size
Tiny (2 player)
Population
200
Speed
Normal
Resources
Standard
Victory
Conquest
Starting age
Dark Age
Ending age
Imperial Age
RankedLock teamsTeams togetherTeam positionsShared explorationLock speedFull tech treeHidden civsTurbo modeCheats
Victory
Defeat
🇬🇧 Gurjaras · United Kingdom
723
+29
🇳🇱 Sicilians · Netherlands
751
-17
Ma10ne
8:03 Loom
10:20 Feudal Age
11:10 Double-Bit Axe
11:50 Horse Collar
15:35 Wheelbarrow
21:24 Castle Age
20:09 Town Watch
20:54 Stone Mining
20:56 Gold Mining
25:46 Stone Shaft Mining
25:46 Gold Shaft Mining
25:10 Fletching
27:04 Bow Saw
30:21 Kshatriyas
30:08 Arson
31:42 Hand Cart
34:24 Forging
34:09 Bodkin Arrow
34:15 Scale Mail Armor
35:04 Ballistics
34:40 Murder Holes
34:58 Husbandry
35:08 Bloodlines
35:12 Heavy Plow
37:38 Iron Casting
37:04 Scale Mail Armor
37:05 Padded Archer Armor
37:11 Scale Barding Armor
40:20 Imperial Age
40:17 Chain Mail Armor
40:17 Leather Archer Armor
42:08 Conscription
43:54 Frontier Guards
43:17 Elite Chakram Thrower
48:25 Chemistry
48:19 Bracer
48:49 Plate Mail Armor
48:40 Chain Barding Armor
mricardo96
3:31 Loom
19:38 Feudal Age
20:07 Double-Bit Axe
21:55 Gold Mining
21:56 Stone Mining
21:54 Horse Collar
26:54 Castle Age
26:00 Wheelbarrow
28:33 Bloodlines
28:25 Husbandry
32:15 Scale Barding Armor
32:25 Forging
32:17 Padded Archer Armor
32:09 Fletching
35:11 Bodkin Arrow
35:34 Leather Archer Armor
Connection lost

Rejoining the realm…

Still unreachable

The connection could not be restored.

Session expired

The server has moved on; the page needs a fresh start.